 Dungeon Crawl Stone Soup version 0.30.0-19-gbf45117a57 (webtiles) character file.

Game seed: 13650472931958181847

818 qw the Chopper (level 7, -5/44 HPs)
             Began as a Gargoyle Fighter on May 25, 2023.
             Was a Follower of Okawaru.
             Slain by a gnoll
             ... wielding a +0 club
              (7 damage)
             ... on level 7 of the Dungeon.
             The game lasted 00:02:14 (3384 turns).

qw the Chopper (Gargoyle Fighter)                   Turns: 3384, Time: 00:02:14

Health: -5/44      AC: 18    Str: 17    XL:     7   Next: 94%
Magic:  8/10       EV:  6    Int:  8    God:    Okawaru [*.....]
Gold:   205        SH:  5    Dex:  9    Spells: 6/6 levels left

rFire   + . .        j - +0 war axe (vamp)
rCold   + . .        b - +0 buckler of Negligence {rF+ rC+ Regen+ Str-5}
rNeg    + . .        m - +0 plate armour
rPois   inf          (no helmet)
rElec   +            (no cloak)
rCorr   .            (no gloves)
SInv    .            (no boots)
Will    .....        f - amulet of regeneration Stlth
                     (no ring)
HPRegen 1.87/turn    (no ring)
MPRegen 0.12/turn

%: no passive effects
@: about to teleport, heroic, weakened
A: sickness immunity, AC +4, negative energy resistance 1, electricity
resistance, torment resistance 1, petrification resistance
a: Renounce Religion, Heroism


You were on level 7 of the Dungeon.
You worshipped Okawaru.
Okawaru was aware of your devotion.
You visited 1 branch of the dungeon, and saw 6 of its levels.

You collected 317 gold pieces.
You spent 112 gold pieces at shops.


Innate Abilities, Weirdness & Mutations

You are immune to sickness and miasma.
Your stone body is resilient. (AC +4)
You are immune to poison.
You resist negative energy. (rN+)
You are resistant to electric shocks. (rElec)
You are resistant to unholy torment.
You are immune to petrification.


   Skills:
 - Level 5.6(10.6) Fighting
 + Level 6.1(11.1) Axes
 - Level 3.2(8.2) Armour
 - Level 3.2(8.2) Shields
 - Level 4.0 Invocations


You had 6 spell levels left.
You didn't know any spells.
Your spell library was empty.

Inventory:

Hand Weapons
 j - a +0 vampiric war axe (weapon)
 o - a +0 vampiric whip
Armour
 b - the +0 buckler of Negligence (worn) {rF+ rC+ Regen+ Str-5}
   (You acquired it on level 2 of the Dungeon)

   Str:       It affects your strength (-5).
   rF:        It protects you from fire.
   rC:        It protects you from cold.
   Regen:     It increases your rate of health regeneration.
 m - a +0 plate armour (worn)
Jewellery
 a - a +4 ring of protection
 f - an amulet of regeneration (around neck)
 l - a ring of ice
Wands
 s - a wand of digging (1)
Scrolls
 e - a scroll of enchant weapon {unknown}
 g - a scroll of teleportation
 k - a scroll of identify
 t - a scroll of blinking {unknown}
Potions
 c - a potion of cancellation
 d - 2 potions of might
 h - 2 potions of degeneration {unknown}
 i - 2 potions of curing
 n - a potion of resistance {unknown}
 p - a potion of heal wounds {unknown}
 q - 2 potions of attraction {unknown}
 r - a potion of mutation {unknown}

Dungeon Overview and Level Annotations

Branches:
Dungeon (7/15)
 Temple: D:4-7

Altars:
Hepliaklqana
Kikubaaqudgha
Nemelex Xobeh
Okawaru
Trog
Wu Jian

Shops:
D:3 !


Message History

The gnoll sergeant barely misses you.
You hit the gnoll sergeant but do no damage.
The gnoll sergeant is lightly wounded.
The gnoll sergeant barely misses you. You block the gnoll sergeant's attack.
You hit the gnoll sergeant but do no damage.
The gnoll sergeant is lightly wounded.
The gnoll sergeant hits you from afar with a +0 trident!
The gnoll sergeant hits you but does no damage.
3380 ||| INVOKING Heroism.
You gain the combat prowess of a mighty hero.
A gnoll bouda comes into view. It is wielding a +0 club.
The gnoll sergeant hits you from afar with a +0 trident.
The gnoll sergeant hits you with a +4 trident of protection.
You closely miss the gnoll sergeant.
The gnoll sergeant is lightly wounded.
The gnoll bouda barks out a call to the hunt!
The gnolls pick up the pace!
You block the gnoll sergeant's attack.
The gnoll sergeant hits you but does no damage.
You hear a shout!
You closely miss the gnoll sergeant.
The gnoll sergeant is lightly wounded.
The gnoll sergeant hits you with a +4 trident of protection!
The gnoll sergeant hits you from afar with a +0 trident!
The gnoll hits you but does no damage.
3383 ||| READING 2 scrolls of teleportation.
As you read the scroll of teleportation, it crumbles to dust.
You feel strangely unstable.
The gnoll bouda gazes fiercely through you!
You feel your attacks grow feeble.
The gnoll sergeant hits you with a +4 trident of protection.
The gnoll sergeant hits you from afar with a +0 trident.
You block the gnoll's attack.
You slash the gnoll sergeant!
You feel better.
The gnoll sergeant is heavily wounded.
You barely miss the gnoll.
The gnoll sergeant hits you from afar with a +0 trident.
The gnoll sergeant hits you with a +4 trident of protection!
The gnoll hits you with a +0 club!
You die...

.. #. .. ..... .. #.
.... .....
..#^#####..... ......
#.#.#..[..#... ...g..
##.#......# #.. ......#
##.........###..
.....##...........##..
#ggg:...............
#.@)....#..........
##.).)..##.#.##.....
##......##..#.##..##.
#.......#...#.....##.
..............#..##....
.................#.....
#.......................
#....................###
..................... .


You could see 2 gnoll sergeants, a gnoll bouda and a gnoll (swift).

Vanquished Creatures
  Sigmund (D:5)
  A centaur (D:7)
  2 scorpions (D:5)
  2 hounds
  A jelly (D:5)
  4 iguanas (D:5)
  Ijyb (D:3)
  4 gnolls (D:7)
  8 adders
  2 ufetubi (D:5)
  2 worms (D:2)
  13 orcs
  4 bats
  5 endoplasms
  3 giant cockroaches
  11 hobgoblins
  4 jackals
  5 quokkas
  4 ball pythons
  7 frilled lizards
  14 goblins
  5 kobolds
  2 rats
105 creatures vanquished.

Notes
Turn   | Place    | Note
-------+----------+-------------------------------------------
     0 | D:1      | qw the Gargoyle Fighter began the quest for the Orb.
     0 | D:1      | Reached XP level 1. HP: 14/14 MP: 1/1
     0 | D:1      | 0 ||| qw: Version: 0.2-a-98-g5d7165a
     0 | D:1      | 0 ||| qw: Game counter: 91
     0 | D:1      | 0 ||| qw: Always use a shield: true
     0 | D:1      | 0 ||| qw: God list: Okawaru
     0 | D:1      | 0 ||| qw: Allow faded altars: false
     0 | D:1      | 0 ||| qw: Do Orc after D:15 true
     0 | D:1      | 0 ||| qw: Do second Lair branch before Depths: true
     0 | D:1      | 0 ||| qw: Lair rune preference: random
     0 | D:1      | 0 ||| qw: Plans: Normal, Zot:1-4, God:TSO, Crypt, Tomb,
                  | Pan, Slime:5, Hells, Abyss, Win
     0 | D:1      | 0 ||| PLANNING D:1-11
    50 | D:1      | Reached skill level 2 in Axes
   153 | D:1      | Reached XP level 2. HP: 17/19 MP: 2/2
   202 | D:1      | 202 ||| Stepping ~*~*~tactically~*~*~ (stealth).
   259 | D:1      | 259 ||| Stepping ~*~*~tactically~*~*~ (stealth).
   350 | D:1      | Reached skill level 3 in Axes
   388 | D:1      | Reached XP level 3. HP: 23/23 MP: 3/3
   467 | D:1      | Found a faded altar of an unknown god.
   502 | D:1      | 502 ||| DROPPING +0 club.
   703 | D:1      | 703 ||| READING scroll labelled MANLYL GOCW.
   704 | D:1      | 704 ||| READING 2 scrolls labelled TUNTUONOST.
   707 | D:1      | 707 ||| READING scroll labelled UDONNA JOUTAU.
   708 | D:1      | 708 ||| READING 2 scrolls labelled BUDAUQ ERPHECS.
   709 | D:1      | 709 ||| READING scroll labelled ZITHRO VEULUOCH.
   710 | D:1      | 710 ||| READING scroll labelled COMU CAPIN.
   711 | D:1      | 711 ||| READING scroll labelled OPAUKK NIRPHOICW.
   858 | D:2      | Found a bloodstained altar of Trog.
  1145 | D:2      | 1145 ||| Stepping ~*~*~tactically~*~*~ (hiding).
  1148 | D:2      | 1148 ||| Stepping ~*~*~tactically~*~*~ (hiding).
  1155 | D:2      | Reached XP level 4. HP: 24/28 MP: 4/4
  1170 | D:2      | 1170 ||| DROPPING +0 whip.
  1263 | D:2      | Reached skill level 4 in Axes
  1283 | D:2      | 1283 ||| UPGRADING to +0 chain mail.
  1293 | D:2      | 1293 ||| DROPPING +0 scale mail.
  1294 | D:2      | 1294 ||| UPGRADING to amulet of regeneration.
  1299 | D:2      | 1299 ||| READING scroll labelled SIAVOKH LUKLA.
  1299 | D:2      | Identified a scroll of acquirement
  1299 | D:2      | 1299 ||| ACQUIRING +0 buckler of Negligence {rF+ rC+ Regen+
                  | Str-5}
  1299 | D:2      | Acquired the +0 buckler of Negligence {rF+ rC+ Regen+
                  | Str-5}
  1301 | D:2      | 1301 ||| UPGRADING to +0 buckler of Negligence {rF+ rC+
                  | Regen+ Str-5}.
  1311 | D:2      | 1311 ||| DROPPING +0 buckler.
  1312 | D:2      | 1312 ||| READING scroll labelled EMUTWU BYFY.
  1313 | D:2      | 1313 ||| READING 3 scrolls of identify.
  1313 | D:2      | 1313 ||| IDENTIFYING blue potion
  1314 | D:2      | 1314 ||| READING 2 scrolls of identify.
  1314 | D:2      | 1314 ||| IDENTIFYING fuming yellow potion
  1315 | D:2      | 1315 ||| DROPPING potion of flight.
  1461 | D:3      | Found Tupaij's Distillery.
  1470 | D:3      | 1470 ||| BUYING potion of cancellation (112 gold).
  1470 | D:3      | Bought a potion of cancellation for 112 gold pieces
  1470 | D:3      | 1470 ||| SHOPLISTING potion of curing (42 gold, have 17).
  1470 | D:3      | 1470 ||| SHOPLISTING potion of heal wounds (70 gold, have
                  | 17).
  1470 | D:3      | 1470 ||| SHOPLISTING potion of lignification (42 gold, have
                  | 17).
  1493 | D:3      | Found an ornate altar of the Wu Jian Council.
  1504 | D:3      | Found a hazy altar of Hepliaklqana.
  1575 | D:3      | Noticed Ijyb
  1576 | D:3      | 1576 ||| Stepping ~*~*~tactically~*~*~ (hiding).
  1607 | D:3      | Killed Ijyb
  1633 | D:3      | 1633 ||| Stepping ~*~*~tactically~*~*~ (stealth).
  1652 | D:3      | Reached XP level 5. HP: 32/32 MP: 5/5
  1652 | D:3      | Found an iron altar of Okawaru.
  1653 | D:3      | 1653 ||| PLANNING OKAWARU WORSHIP
  1653 | D:3      | 1653 ||| READING scroll labelled CULELU LETOVA.
  1660 | D:3      | Became a worshipper of Warmaster Okawaru
  1660 | D:3      | 1660 ||| PLANNING D:1-11
  2092 | D:3      | 2092 ||| READING scroll labelled FEBIBU COQESO.
  2151 | D:4      | Reached skill level 5 in Axes
  2274 | D:4      | Found an ancient bone altar of Kikubaaqudgha.
  2446 | D:4      | Found a sparkling altar of Nemelex Xobeh.
  2621 | D:4      | 2621 ||| UPGRADING to +0 plate armour.
  2631 | D:4      | 2631 ||| DROPPING +0 chain mail.
  2632 | D:4      | 2632 ||| DROPPING amulet of the acrobat.
  2633 | D:4      | 2633 ||| READING scroll labelled ICYFOY JAHUNKO.
  2634 | D:4      | 2634 ||| READING 2 scrolls of identify.
  2634 | D:4      | 2634 ||| IDENTIFYING murky dark potion
  2635 | D:4      | 2635 ||| DROPPING potion of ambrosia.
  2647 | D:5      | Entered Level 5 of the Dungeon
  2737 | D:5      | Noticed Sigmund
  2748 | D:5      | Killed Sigmund
  2748 | D:5      | Reached * piety under Okawaru
  2749 | D:5      | Reached XP level 6. HP: 40/40 MP: 6/6
  2767 | D:5      | 2767 ||| Stepping ~*~*~tactically~*~*~ (stealth).
  2768 | D:5      | 2768 ||| Stepping ~*~*~tactically~*~*~ (stealth).
  2771 | D:5      | 2771 ||| Stepping ~*~*~tactically~*~*~ (stealth).
  2773 | D:5      | 2773 ||| INVOKING Heroism.
  2774 | D:5      | 2774 ||| INVOKING Heroism.
  2779 | D:5      | 2779 ||| Stepping ~*~*~tactically~*~*~ (stealth).
  2797 | D:5      | 2797 ||| Stepping ~*~*~tactically~*~*~ (stealth).
  2800 | D:5      | 2800 ||| Stepping ~*~*~tactically~*~*~ (stealth).
  2926 | D:5      | Reached skill level 1 in Invocations
  2942 | D:5      | 2942 ||| Stepping ~*~*~tactically~*~*~ (hiding).
  2949 | D:5      | Reached XP level 7. HP: 44/44 MP: 7/7
  3138 | D:5      | 3138 ||| INVOKING Heroism.
  3145 | D:5      | Reached skill level 3 in Invocations
  3282 | D:5      | You fall into a shaft and drop 2 floors!
  3326 | D:7      | 3326 ||| Stepping ~*~*~tactically~*~*~ (stealth).
  3361 | D:7      | Reached skill level 6 in Axes
  3380 | D:7      | 3380 ||| INVOKING Heroism.
  3382 | D:7      | HP: 11/44 [gnoll sergeant/+0 trident (7)]
  3383 | D:7      | 3383 ||| READING 2 scrolls of teleportation.
  3384 | D:7      | HP: 2/44 [gnoll sergeant/+4 trident of protection (10)]
  3384 | D:7      | Slain by a gnoll

Levels and vault maps discovered:
D:1:      matt_arrival_grand_opening, layout_loops_ring,
          ebering_ecumenical_altar_mist
D:2:      layout_rooms, basic_altar
D:3:      layout_basic, mainiacjoe_overflow_catwalk_spiral, old_standard_altar,
          serial_shops, shop, uniq_ijyb
D:4:      layout_cave_pools, mainiacjoe_overflow_alcove_4,
          mainiacjoe_overflow_catwalk, chequers_serial_rivers_micro_a
D:5:      layout_basic, trog_wizard, marbit_many_paths, grunt_ministairs_13,
          uniq_sigmund
D:7:      layout_cave_pools, serial_gnoll_camp, gnoll_camp_medium_02,
          gnoll_camp_huts_basic, gnoll_camp_mini_hut, gnoll_camp_mini_doghouse,
          gnoll_camp_mini_basic, gnoll_camp_mini_doghouse, lightli_minifort

Skill      XL: |  1  2  3  4  5  6  7 |
---------------+----------------------+-----
Axes           | 2 3 4 5 6 |  6.1
Fighting       | 5 |  5.6
Invocations    | 1 4 |  4.0
Armour         | |  3.2
Shields        | |  3.2

Action                     |  1- 3 |  4- 6 |  7- 9 || total
---------------------------+-------+-------+-------++-------
  Melee: War axe           |   122 |   170 |    95 ||   387
 Invoke: Heroism           |       |     1 |     2 ||     3
    Use: Scroll            |     7 |     8 |     1 ||    16
   Stab: Distracted        |     1 |       |       ||     1
 Armour: Scale mail        |    63 |     1 |       ||    64
         Chain mail        |       |    91 |       ||    91
         Plate armour      |       |     8 |    90 ||    98
  Dodge: Dodged            |    51 |    55 |    20 ||   126
  Block: Buckler           |    28 |    33 |    27 ||    88

Table legend:
 A = Non-vault XP
 B = Vault XP
 C = Vault XP percentage of total XP
 D = Non-vault monster count
 E = Vault monster count
 F = Vault count percentage of total count
                 A         B        C        D         E       F
            +---------+---------+-------+---------+---------+-------
      Total |     772 |     397 |  34.0 |      94 |      11 |  10.5
            +---------+---------+-------+---------+---------+-------
        D:1 |      44 |       0 |   0.0 |      27 |       0 |   0.0
        D:2 |      59 |       0 |   0.0 |      17 |       0 |   0.0
        D:3 |      85 |      35 |  29.2 |      16 |       1 |   5.9
        D:4 |      46 |       0 |   0.0 |      12 |       0 |   0.0
        D:5 |     420 |     260 |  38.2 |      20 |       3 |  13.0
        D:7 |     118 |     102 |  46.4 |       2 |       7 |  77.8
            +---------+---------+-------+---------+---------+-------
